 Dungeon Crawl Stone Soup version 0.22.1-2-g9c5b331383 (webtiles) character file.

510 Ihlosi the Ducker (level 7, -14/42 HPs)
             Began as a Kobold Gladiator on Dec 13, 2018.
             Killed by divine providence
             ... invoked by an orc priest
              (16 damage)
             ... on level 6 of the Dungeon.
             The game lasted 00:12:16 (4608 turns).

Ihlosi the Ducker (Kobold Gladiator)                Turns: 4608, Time: 00:12:17

Health: -14/42     AC: 10    Str: 13    XL:     7   Next: 42%
Magic:  7/7        EV: 18    Int: 14    God:
Gold:   265        SH:  0    Dex: 17    Spells: 6/6 levels left

rFire    . . .     SeeInvis .   p - -2 spear (curse)
rCold    . . .     Gourm    .   (shield restricted)
rNeg     . . .     Faith    .   b - +0 leather armour
rPois    .         Spirit   .   c - +0 helmet
rElec    .         Reflect  .   g - +0 cloak
rCorr    .         Harm     .   (no gloves)
MR       +....     Clarity  +   m - +2 pair of boots Stlth ++........Rnd*Tele +
                                (no amulet)
HPRegen  0.14/turn              w - ring of teleportation (curse)
MPRegen  0.10/turn              (no ring)

@: brilliant, hasted, very quick
A: small, slimy green scales 1, carnivore, clarity, magic resistance 1,
evolution 1
a: no special abilities


You were on level 6 of the Dungeon.
You were very full.

You visited 1 branch of the dungeon, and saw 6 of its levels.

You collected 265 gold pieces.

Inventory:

Hand Weapons
 a - a +1 rapier
 p - a cursed -2 spear (weapon)
 u - the +5 hand axe of Oshud {holy, +Blink rElec MR+ Str-4, unknown}
   (You found it on level 4 of the Dungeon)

   It has been blessed by the Shining One to cause great damage to the undead
   and demons.
   It affects your strength (-4).
   It insulates you from electricity.
   It affects your resistance to hostile enchantments.
   It lets you blink.
Missiles
 d - a throwing net
 i - a tomahawk (quivered)
 l - 3 curare-tipped needles
 o - 39 bolts
Armour
 b - a +0 leather armour (worn)
 c - a +0 helmet (worn)
 g - a +0 cloak (worn)
 m - a +2 pair of boots (worn)
Jewellery
 e - an uncursed amulet of faith {unknown}
 k - an uncursed ring of ice
 w - a cursed ring of teleportation (left hand)
Scrolls
 h - a scroll of enchant armour
 t - a scroll of enchant weapon
Comestibles
 f - 9 rations


   Skills:
 * Level 3.7 Fighting
 * Level 5.6 Short Blades
 - Level 3.0 Throwing
 * Level 2.4 Armour
 * Level 5.9 Dodging
 * Level 3.3 Stealth


You had 6 spell levels left.
You didn't know any spells.
Your spell library was empty.

Dungeon Overview and Level Annotations

Branches:
Dungeon (5/15)
 Temple: D:4-7

Altars:
Ashenzari
Cheibriados
Fedhas
Makhleb
Nemelex Xobeh
The Shining One

Annotations:
D:4 Unfinished, Natasha
D:6 Dowan, Duvessa


Innate Abilities, Weirdness & Mutations

You are small and have problems with some larger weapons.
You are carnivorous and can eat meat at any time.
You are partially covered in slimy green scales. (AC +2)
You possess an exceptional clarity of mind.
You are resistant to hostile enchantments. (MR+)
You evolve.


Message History

The orc priest closely misses you.
You closely miss the orc priest.
The orc priest is moderately wounded.
The orc misses you.
You hit the orc but do no damage. The orc closely misses you.
You barely miss the orc. You barely miss the orc. The orc closely misses you.
You hit the orc but do no damage. You closely miss the orc.
The orc hits you with a war axe.
* * * LOW HITPOINT WARNING * * *
It was a potion of mutation.
You feel extremely strange.
You feel resistant to hostile enchantments.
You feel nature experimenting on you.
Don't worry, failures die fast.
Your thoughts seem clearer.
Slimy green scales grow over part of your body.
You hit the orc but do no damage. The orc hits you but does no damage.
You barely miss the orc. The orc misses you.
The orc priest calls down the wrath of Beogh upon you.
Beogh smites you!
You die...

#....#
#.####
#.# #.#
#.# #e#
## #.#
..
#e###.#
#oo@..#
#######


You could see Duvessa, an orc priest and an orc.

Vanquished Creatures
  2 scorpions (D:4)
  2 hounds (D:4)
  An orc priest (D:4)
  A bullfrog skeleton (D:4)
  2 centaur skeletons
  Terence (D:2)
  Jessica (D:3)
  An iguana (D:3)
  A worker ant (D:4)
  A hound skeleton (D:3)
  A worker ant zombie (D:3)
  An ooze (D:1)
  An adder zombie (D:3)
  2 dart slugs (D:1)
  3 leopard geckos
  10 orcs (D:3)
  A ball python (D:1)
  8 bats
  5 giant cockroaches
  3 goblins
  7 hobgoblins
  9 jackals
  A quokka (D:4)
  7 frilled lizards
  A giant cockroach zombie (D:3)
  A jackal skeleton (D:3)
  7 kobolds
  A leopard gecko skeleton (D:3)
  5 rats
87 creatures vanquished.

Notes
Turn   | Place    | Note
-------+----------+-------------------------------------------
     0 | D:1      | Ihlosi the Kobold Gladiator began the quest for the Orb.
     0 | D:1      | Reached XP level 1. HP: 12/12 MP: 1/1
    70 | D:1      | Found a snail-covered altar of Cheibriados.
   121 | D:1      | Reached XP level 2. HP: 17/17 MP: 2/2
   268 | D:1      | Reached skill level 1 in Stealth
   268 | D:1      | Reached XP level 3. HP: 14/22 MP: 3/3
  1220 | D:2      | Found a glowing golden altar of the Shining One.
  1446 | D:2      | Found a blossoming altar of Fedhas.
  1586 | D:2      | Noticed Terence
  1605 | D:2      | Killed Terence
  1605 | D:2      | Reached skill level 1 in Armour
  1605 | D:2      | Reached XP level 4. HP: 27/27 MP: 4/4
  1651 | D:2      | Found a sparkling altar of Nemelex Xobeh.
  1754 | D:3      | Noticed Jessica
  1771 | D:3      | Killed Jessica
  1771 | D:3      | Reached skill level 5 in Short Blades
  1771 | D:3      | Reached XP level 5. HP: 31/31 MP: 5/5
  2251 | D:3      | Reached XP level 6. HP: 36/36 MP: 6/6
  2566 | D:4      | Noticed Natasha
  2813 | D:4      | Found a shattered altar of Ashenzari.
  2828 | D:4      | Got a jewelled hand axe
  2919 | D:4      | Reached skill level 5 in Dodging
  3223 | D:4      | Reached XP level 7. HP: 23/41 MP: 7/7
  3728 | D:5      | Entered Level 5 of the Dungeon
  4552 | D:4      | You fall through a shaft for 2 floors!
  4552 | D:6      | Found a burning altar of Makhleb.
  4552 | D:6      | Noticed Dowan
  4553 | D:6      | Noticed Duvessa
  4605 | D:6      | HP: 2/42 [orc/war axe (5)]
  4606 | D:6      | Gained mutation: You are resistant to hostile enchantments.
                  | (MR+) [potion of mutation]
  4606 | D:6      | Gained mutation: You evolve. [potion of mutation]
  4606 | D:6      | Gained mutation: You possess an exceptional clarity of
                  | mind. [potion of mutation]
  4606 | D:6      | Gained mutation: You are partially covered in slimy green
                  | scales. (AC +2) [potion of mutation]
  4608 | D:6      | Killed from afar by an orc priest

Skill      XL: |  1  2  3  4  5  6 |
---------------+-------------------+-----
Dodging        | 4 5 |  5.9
Stealth        | 1 2 3 |  3.3
Armour         | 1 2 |  2.4
Short Blades   | 5 |  5.6
Fighting       | 3 |  3.7
Throwing       | 3 |  3.0

Action                   |  1- 3 |  4- 6 |  7- 9 || total
-------------------------+-------+-------+-------++-------
Melee: Rapier            |   111 |    91 |       ||   202
       Spear             |       |   260 |   164 ||   424
Throw: Throwing net      |       |     2 |       ||     2
       Tomahawk          |       |       |     2 ||     2
  Use: Potion            |     1 |     8 |     3 ||    12
       Scroll            |       |    11 |       ||    11
 Stab: Sleeping          |     2 |     1 |       ||     3
       Distracted        |       |     1 |       ||     1
       Held in net/web   |       |     2 |       ||     2
  Eat: Chunk             |    10 |     6 |     3 ||    19
Armor: Leather armour    |    15 |    96 |    44 ||   155
       Skin              |     7 |       |       ||     7
Dodge: Dodged            |    96 |   330 |   167 ||   593
